 Dungeon Crawl Stone Soup version 0.17.1-1-g73c8601 (webtiles) character file.

74 Gargoyl the Skirmisher (level 4, 0/36 HPs)
             Began as a Demonspawn Abyssal Knight on Dec 26, 2015.
             Was a Believer of Lugonu.
             Slain by a gnoll (6 damage)
             ... on level 3 of the Dungeon.
             The game lasted 00:03:43 (2198 turns).

Gargoyl the Skirmisher (Demonspawn Abyssal Knight)  Turns: 2198, Time: 00:03:43

Health: 0/36       AC: 11    Str: 13    XL:     4   Next: 9%
Magic:  6/6        EV:  9    Int: 14    God:    Lugonu [**....]
Gold:   121        SH:  0    Dex: 12    Spells: 0 memorised, 3 levels left

rFire  . . .     SeeInvis .     a - +1 hand axe
rCold  . . .     Clarity  .     e - +3 scale mail
rNeg   . . .     SustAt   .     (no shield)
rPois  .         Gourm    .     (helmet restricted)
rElec  .         Spirit   .     (no cloak)
rCorr  .         Warding  .     (no gloves)
rMut   .         Stasis   .     s - +1 pair of boots
MR     .....                    b - amulet of rage
Stlth  +.........               (no ring)
                                c - ring of flight

@: not resistant to hostile enchantments, very unstealthy
A: antennae 2, nightstalker 1
a: Depart the Abyss, Bend Space, Renounce Religion, Evoke Berserk Rage, Evoke
Flight


You were on level 3 of the Dungeon.
You worshipped Lugonu.
Lugonu was pleased with you.
You were not hungry.

You visited 1 branch of the dungeon, and saw 3 of its levels.
You visited the Abyss 1 time.

You collected 121 gold pieces.

Inventory:

Hand Weapons
 a - a +1 hand axe (weapon)
Missiles
 n - 5 tomahawks (quivered)
Armour
 e - a +3 scale mail (worn)
 s - a +1 pair of boots (worn)
Jewellery
 b - an amulet of rage (around neck)
 c - a ring of flight (left hand)
Wands
 k - a wand of polymorph (8)
Scrolls
 i - 3 scrolls of identify
Potions
 d - a potion of heal wounds {unknown}
 f - a potion of lignification {unknown}
 g - a potion of ambrosia {unknown}
 h - a potion of degeneration {unknown}
 q - a potion of mutation {unknown}
 r - a potion of resistance {unknown}
Comestibles
 j - a bread ration
 l - 2 fruits


   Skills:
 + Level 3.6 Fighting
 + Level 2.3 Axes
 + Level 2.4 Armour
 + Level 1.2 Dodging
 + Level 0.6 Stealth
 + Level 2.9 Invocations


You had 3 spell levels left.
You didn't know any spells.

Dungeon Overview and Level Annotations

Branches:
Dungeon (3/15)

Altars:


Innate Abilities, Weirdness & Mutations

You have a pair of antennae on your head.
You are slightly more attuned to the shadows.


Message History

You hit the gnoll.
The gnoll is lightly wounded.
The gnoll hits you!
* * * LOW HITPOINT WARNING * * *
The gnoll hits you but does no damage. The gnoll closely misses you.
The gnoll barely misses you.
You hit the gnoll.
You kill the gnoll!
Lugonu accepts your kill.
You have reached level 4!
You feel clever.
Your demonic ancestry asserts itself...
The antennae on your head grow some more.
You hit the gnoll.
The gnoll is moderately wounded.
You hit the gnoll but do no damage.
The gnoll is almost dead.
The gnoll hits you with a spear.
* * * LOW HITPOINT WARNING * * *
The gnoll hits you.
You die...

### #<# #.#
#.# ### #.#...
#######.#.#
.....^....#
.......g..#
.....g@...#
....?.....#
.............
.............
###..........#
###.#.....##
#. .#.###


You could see 2 gnolls.

Vanquished Creatures
  A gnoll (D:3)
  An adder (D:2)
  2 oozes (D:2)
  2 worms
  2 giant geckos
  2 giant cockroaches
  4 hobgoblins
  7 jackals (D:1)
  9 bats
  2 giant newts
  2 goblins (D:2)
  A kobold (D:1)
  9 rats
44 creatures vanquished.

Notes
Turn   | Place    | Note
--------------------------------------------------------------
     0 | Abyss:1  | Gargoyl the Demonspawn Abyssal Knight began the quest for the Orb.
     0 | Abyss:1  | Reached XP level 1. HP: 18/18 MP: 2/2
   132 | Abyss:1  | Noticed a wretched star
   133 | D:1      | Escaped the Abyss
   214 | D:1      | Reached * piety under Lugonu
   275 | D:1      | Gained mutation: You are slightly more attuned to the shadows. [demonic ancestry]
   275 | D:1      | Reached XP level 2. HP: 22/24 MP: 4/4
   670 | D:1      | Reached skill level 1 in Dodging
  1206 | D:2      | Gained mutation: You have a pair of small antennae on your head. [demonic ancestry]
  1206 | D:2      | Reached XP level 3. HP: 9/29 MP: 5/5
  1819 | D:2      | Reached ** piety under Lugonu
  2198 | D:3      | Gained mutation: You have a pair of antennae on your head. [demonic ancestry]
  2198 | D:3      | Reached XP level 4. HP: 8/36 MP: 6/6
  2198 | D:3      | Slain by a gnoll

Action                   |  1- 3 |  4- 6 || total
-------------------------+-------+-------++-------
Melee: Hand axe          |   133 |       ||   133
Invok: Depart the Abyss  |     1 |       ||     1
  Use: Scroll            |     7 |       ||     7
       Potion            |     1 |       ||     1
 Stab: Sleeping          |     4 |       ||     4
  Eat: Bread ration      |     1 |       ||     1
